 Dungeon Crawl Stone Soup version 0.21-a0-496-g696f58f537 (webtiles) character file.

34 Kaname the Stinger (level 3, -1/24 HPs)
             Began as a Demonspawn Venom Mage on Nov 23, 2017.
             Slain by Terence
             ... wielding a cursed -2 hand axe
              (5 damage)
             ... on level 2 of the Dungeon.
             The game lasted 00:03:12 (1296 turns).

Kaname the Stinger (Demonspawn Venom Mage)          Turns: 1296, Time: 00:03:12

Health: -1/24      AC:  6    Str: 13    XL:     3   Next: 14%
Magic:  3/6        EV: 12    Int: 17    God:
Gold:   40         SH:  0    Dex: 13    Spells: 2/6 levels left

rFire    . . .     SeeInvis .   n - +0 short sword
rCold    . . .     Gourm    .   (no shield)
rNeg     . . .     Faith    .   a - +0 robe
rPois    .         Spirit   .   (no helmet)
rElec    .         Reflect  .   (no cloak)
rCorr    .         Harm     .   (no gloves)
MR       .....                  (no boots)
Stlth    +++.......             (no amulet)
HPRegen  0.08/turn              g - +4 ring of protection
MPRegen  0.10/turn              (no ring)

@: mighty
A: talons 1, nightstalker 1
a: no special abilities


You were on level 2 of the Dungeon.
You were hungry.

You visited 1 branch of the dungeon, and saw 2 of its levels.

You collected 40 gold pieces.

Inventory:

Hand Weapons
 n - a +0 short sword (weapon)
Armour
 a - a +0 robe (worn)
Jewellery
 g - a +4 ring of protection (left hand)
 q - an uncursed ring of positive energy {unknown}
Scrolls
 e - a scroll of random uselessness {unknown}
 i - a scroll of teleportation {unknown}
 j - a scroll of enchant weapon {unknown}
 k - a scroll of blinking {unknown}
 m - a scroll of remove curse {unknown}
Potions
 d - a potion of might
 f - a potion of cancellation {unknown}
 h - a potion of heal wounds {unknown}
 l - a potion of resistance {unknown}
Books
 b - a Young Poisoner's Handbook

   Spells                             Type                      Level
   a - Sting                          Conjuration/Poison           1
   b - Poisonous Vapours              Poison/Air                   2
   c - Mephitic Cloud                 Conjuration/Poison/Air       3
   d - Olgreb's Toxic Radiance        Poison                       4
   e - Venom Bolt                     Conjuration/Poison           5
Comestibles
 c - a bread ration
 o - a meat ration
 p - 3 fruits


   Skills:
 - Level 1.7 Dodging
 - Level 1.7 Stealth
 - Level 2.0 Spellcasting
 - Level 3.0 Conjurations
 + Level 3.1 Poison Magic


You had 2 spell levels left.
You knew the following spells:

 Your Spells              Type           Power        Failure   Level  Hunger
a - Sting                 Conj/Pois      ##..         5%          1    #......
b - Mephitic Cloud        Conj/Pois/Air  #.......     26%         3    ###....


Dungeon Overview and Level Annotations

Branches:
Dungeon (2/15)

Altars:
The Shining One

Annotations:
D:2 Terence


Innate Abilities, Weirdness & Mutations

You have sharp toenails.
You are slightly more attuned to the shadows.


Message History

Confirm with . or Enter, or press ? or * to list all spells.
Aiming: Sting
Press: ? - help, Shift-Dir - straight line, f/p - Terence
Aim: Terence, wielding a hand axe and wearing a chain mail (severely wounded)
The sting hits Terence.
Terence is poisoned.
Terence is almost dead.
Terence hits you with a hand axe!
* * * LOW HITPOINT WARNING * * *
You barely miss Terence.
Terence is almost dead.
Terence barely misses you.
You hit Terence but do no damage.
Terence is almost dead.
Terence hits you with a hand axe.
* * * LOW HITPOINT WARNING * * *
Terence looks more healthy.
It was a potion of might.
You feel very mighty all of a sudden. Terence hits you with a hand axe.
You die...

#.# #.# #.# #.##
#.# #..♣# #.# #....
#.# #.#♣# #.####.##
########........
####........######.
#.@@........#
#.##.########
######.##.#######
.......†........#
.#####.#####.##.#
#.# ###### #.# #.#
#..


You could see Terence.

Vanquished Creatures
  A dart slug (D:1)
  3 leopard geckos (D:1)
  2 giant cockroaches
  5 goblins (D:1)
  4 hobgoblins (D:1)
  3 kobolds
  A quokka (D:2)
  A ball python (D:1)
  4 frilled lizards (D:1)
  3 rats (D:1)
27 creatures vanquished.

Notes
Turn   | Place    | Note
-------+----------+-------------------------------------------
     0 | D:1      | Kaname the Demonspawn Venom Mage began the quest for the Orb.
     0 | D:1      | Reached XP level 1. HP: 13/13 MP: 3/3
   164 | D:1      | Gained mutation: You are slightly more attuned to the shadows. [demonic ancestry]
   164 | D:1      | Reached XP level 2. HP: 16/19 MP: 5/5
   206 | D:1      | Found a glowing golden altar of the Shining One.
  1088 | D:1      | Gained mutation: You have sharp toenails. [demonic ancestry]
  1088 | D:1      | Reached XP level 3. HP: 24/24 MP: 6/6
  1093 | D:1      | Learned a level 3 spell: Mephitic Cloud
  1274 | D:2      | Noticed Terence
  1296 | D:2      | Slain by Terence

Vault maps used:
D:1:      dpeg_arrival_simpleton_c, tso_altar
D:2:      fedhas_altar_4, serial_forest, infiniplex_forest_straight_1,
          infiniplex_forest_lined_corner, infiniplex_forest_lined_room_3,
          infiniplex_forest_3_way, infiniplex_forest_clump_small,
          infiniplex_forest_end_2, uniq_terence

Skill      XL: |  1  2 |
---------------+-------+-----
Conjurations   | 2 3 |  3.0
Dodging        | |  1.7
Stealth        | |  1.7
Spellcasting   | |  2.0
Poison Magic   | |  3.1

Action                   || total
-------------------------++-------
Melee: Whip              ||    46
       Short sword       ||    28
       Kick              ||     7
 Cast: Sting             ||    21
  Use: Potion            ||     1
 Stab: Sleeping          ||     7
  Eat: Chunk             ||     1
Armor: Robe              ||    21
Dodge: Dodged            ||    34

Table legend:
 A = Spawn XP
 B = Non-spawn XP
 C = Spawn XP percentage of total XP
 D = Spawn monster count
 E = Non-spawn monster count
 F = Spawn count percentage of total count
 G = Total turns spent on level
                    A         B        C        D         E        F      G
               +---------+---------+-------+---------+---------+-------+---------
         Total |       0 |      49 |   0.0 |       0 |      27 |   0.0 |  1296
               +---------+---------+-------+---------+---------+-------+---------
           D:1 |       0 |      44 |   0.0 |       0 |      24 |   0.0 |  1152
           D:2 |       0 |       5 |   0.0 |       0 |       3 |   0.0 |   144
               +---------+---------+-------+---------+---------+-------+---------
